 Dungeon Crawl Stone Soup version 0.20.1-1-g8b1a95d (webtiles) character file.

9593 McKennaii the Thaumaturge (level 11, -3/79 HPs)
             Began as a Purple Draconian Conjurer on Aug 6, 2017.
             Was a Follower of Sif Muna.
             Slain by a fire dragon (7 damage)
             ... on level 9 of the Dungeon.
             The game lasted 00:57:14 (13737 turns).

McKennaii the Thaumaturge (DrCj)                   Turns: 13737, Time: 00:57:15

Health: -3/79      AC: 12    Str: 11    XL:     11   Next: 25%
Magic:  9/28       EV: 13    Int: 19    God:    Sif Muna [*.....]
Gold:   491        SH:  0    Dex: 11    Spells: 23/37 levels left

rFire    . . .     SeeInvis .     - Unarmed
rCold    + + .     Gourm    .   (no shield)
rNeg     . . .     Faith    .   (armour unavailable)
rPois    .         Spirit   .   (helmet restricted)
rElec    +         Reflect  .   w - scarf {repulsion}
rCorr    .         Harm     .   f - +0 pair of gloves
MR       +....                  l - +0 pair of boots
Stlth    ++........             (no amulet)
Regen    0.3/turn               H - ring of protection from cold
MPRegen  0.3/turn               s - +3 ring of protection

@: repel missiles
A: breathe power, unfitting armour, antennae 1, cold resistance 1, electricity
resistance, cold-blooded, AC +7
a: Breathe Dispelling Energy, Divine Energy, Renounce Religion


You were on level 9 of the Dungeon.
You worshipped Sif Muna.
Sif Muna was aware of your devotion.
You were very hungry.

You visited 2 branches of the dungeon, and saw 10 of its levels.
You also visited: Bailey.

You collected 491 gold pieces.

Inventory:

Armour
 f - a +0 pair of gloves (worn)
 l - a +0 pair of boots (worn)
 w - a scarf of repulsion (worn)
 G - a +0 buckler
Jewellery
 j - an uncursed ring of positive energy
 s - a +3 ring of protection (right hand)
 H - a ring of protection from cold (left hand)
 J - an uncursed ring of flight
Wands
 e - a wand of random effects (29/48)
 r - a wand of paralysis (7/24)
 E - a wand of digging (14/24)
 F - a wand of paralysis (1/24)
Scrolls
 c - 2 scrolls of recharging
 d - 8 scrolls of remove curse
 g - a scroll of acquirement
 i - 2 scrolls of identify
 k - 3 scrolls of teleportation
 p - a scroll of magic mapping
 q - 4 scrolls of blinking
 I - 4 scrolls of amnesia
Potions
 h - a potion of lignification
 z - 3 potions of haste
 C - a potion of flight
Books
 a - a book of Conjurations

   Spells                             Type                      Level
   a - Magic Dart                     Conjuration                  1
   b - Searing Ray                    Conjuration                  2
   c - Dazzling Spray                 Conjuration/Hexes            3
   d - Fulminant Prism                Conjuration/Hexes            4
   e - Force Lance                    Conjuration/Translocation    4
   f - Iskenderun's Mystic Blast      Conjuration                  4
 n - a book of Necromancy

   Spells                             Type                      Level
   a - Pain                           Necromancy                   1
   b - Animate Skeleton               Necromancy                   1
   c - Vampiric Draining              Necromancy                   3
   d - Regeneration                   Charms/Necromancy            3
   e - Animate Dead                   Necromancy                   4
   f - Control Undead                 Necromancy                   4
 D - a book of Changes

   Spells                             Type                      Level
   a - Beastly Appendage              Transmutation                1
   b - Sticks to Snakes               Transmutation                2
   c - Spider Form                    Transmutation/Poison         3
   d - Ice Form                       Ice/Transmutation            4
   e - Blade Hands                    Transmutation                5
Comestibles
 b - 4 bread rations
 o - 3 meat rations
 x - 6 fruits
 B - 4 royal jellies


   Skills:
 + Level 2.1 Fighting
 + Level 3.9 Dodging
 + Level 3.6 Stealth
 + Level 4.3 Unarmed Combat
 * Level 13.8 Spellcasting
 + Level 10.4 Conjurations
 * Level 1.1 Transmutations
 + Level 1.0 Evocations


You had 23 spell levels left.
You knew the following spells:

 Your Spells              Type           Power        Failure   Level  Hunger
a - Magic Dart            Conj           ####         1%          1    None
b - Iskenderun's Mystic   Conj           ######..     1%          4    None
c - Fulminant Prism       Conj/Hex       ####......   6%          4    None
d - Blade Hands           Tmut           ###.......   65%         5    ####...


Dungeon Overview and Level Annotations

Branches:
Dungeon (9/15)             Temple (1/1) D:4
   Lair: D:8-11         Orc: D:9-12

Altars:
Ashenzari
Cheibriados
Dithmenos
Elyvilon
Fedhas
Gozag
Hepliaklqana
Kikubaaqudgha
Makhleb
Nemelex Xobeh
Okawaru
Qazlal
Ru
Sif Muna
Trog
Uskayaw
Vehumet
Xom
Yredelemnul
Zin
The Shining One

Shops:
D:9 *


Innate Abilities, Weirdness & Mutations

You can breathe bolts of dispelling energy.
Your rich purple scales are hard. (AC +7)
You cannot fit into any form of body armour.
You are cold-blooded and may be slowed by cold attacks.
You have a pair of small antennae on your head.
Your flesh is cold resistant. (rC+)
You are resistant to electric shocks. (rElec)


Message History

You cannot move.
You hear a roar.
A blast of flame appears from out of thin air!
The blast of flame hits you!
* * * LOW HITPOINT WARNING * * *
Okay, then.
You cannot teleport because you are held in place by your roots.
Okay, then.
Something bites you but does no damage. Something claws you but does no damage.
Something tramples you but does no damage.
You closely miss something.
You feel less wooden.
Your scarf of repulsion unmelds from your body.
Your +0 pair of gloves unmelds from your body.
Your +0 pair of boots unmelds from your body.
You are surrounded by a repulsion field.
Something barely misses you. Something claws you.
* * * LOW HITPOINT WARNING * * *
Something tramples you!
You die...

#.#....#..#.#!$$$$ #.# #.#
#.'....#....#$$..$ ..# #.
#.######..#.# ..( #.# #
#.........#.# $.. #.#
##........#..##[##.}# .
#....[...##.......# .#
#........#####.#########.##
#............{.†...........
#............@...).........
#................).........
.........######.....†)......
.....##### #.............
..... #.#######..... ##. #.#
..... #.# .... #.# ... .#
...


There were no monsters in sight!

Vanquished Creatures
  A two-headed ogre (D:8)
  An orc high priest (Bailey)
  Pikel (D:8)
  3 orc knights (Bailey)
  A harpy (D:9)
  A kobold demonologist (Bailey)
  A troll (D:9)
  A hornet (D:8)
  Grinder (D:4)
  Sigmund (D:4)
  A wyvern (D:8)
  2 steam dragons (D:9)
  A hungry ghost (D:7)
  2 sky beasts
  9 orc warriors
  An ice beast (D:6)
  A black bear (D:6)
  3 phantoms
  A necrophage (D:7)
  A slave (D:8)
  An ogre (D:9)
  4 centaurs
  A crocodile (D:8)
  2 gnoll sergeants
  3 bullfrogs
  10 wights
  3 howler monkeys
  5 electric eels (Bailey)
  A bullfrog zombie (D:7)
  7 crimson imps
  4 orc priests
  A bullfrog skeleton (D:9)
  3 hounds
  10 orc wizards
  2 iguanas
  4 worker ants
  A hound zombie (D:6)
  A hound skeleton (D:4)
  24 gnolls
  22 adders
  3 shadow imps
  3 oozes
  2 adder zombies
  4 worms
  3 adder skeletons
  A dart slug (D:1)
  5 leopard geckos
  37 orcs
  3 ball pythons
  14 giant cockroaches
  14 goblins
  20 hobgoblins
  8 jackals
  5 quokkas
  5 bats
  2 frilled lizards
  2 jackal skeletons
  A jackal zombie (D:8)
  7 kobolds
  A leopard gecko skeleton (D:8)
  11 rats
294 creatures vanquished.

Vanquished Creatures (others)
  2 slaves (D:8)
  A plant (D:9)
3 creatures vanquished.

Grand Total: 297 creatures vanquished

Notes
Turn   | Place    | Note
-------+----------+-------------------------------------------
     0 | D:1      | McKennaii the Draconian Conjurer began the quest for the Orb.
     0 | D:1      | Reached XP level 1. HP: 14/14 MP: 3/3
   304 | D:1      | Reached XP level 2. HP: 20/20 MP: 0/5
   609 | D:1      | Found a snail-covered altar of Cheibriados.
   869 | D:2      | Reached XP level 3. HP: 26/26 MP: 0/6
  1136 | D:2      | Reached XP level 4. HP: 33/33 MP: 0/7
  1759 | D:2      | Found a glowing silver altar of Zin.
  1810 | D:2      | Reached skill level 1 in Unarmed Combat
  1869 | D:3      | Reached skill level 5 in Conjurations
  1991 | D:3      | Reached skill level 3 in Spellcasting
  2115 | D:2      | Reached XP level 5. HP: 31/38 MP: 2/9
  2127 | D:2      | Learned a level 4 spell: Iskenderun's Mystic Blast
  2728 | D:3      | Found a faded altar of an unknown god.
  2927 | D:3      | Reached skill level 4 in Spellcasting
  3087 | D:3      | Found a sacrificial altar of Ru.
  3213 | D:3      | Reached XP level 6. HP: 44/46 MP: 8/12
  3405 | D:4      | Found a staircase to the Ecumenical Temple.
  3427 | D:4      | Found a radiant altar of Vehumet.
  3460 | Temple   | Entered the Ecumenical Temple
  3642 | D:4      | Noticed Grinder
  3643 | D:4      | Paralysed by Grinder for 2 turns
  3670 | D:4      | Killed Grinder
  3670 | D:4      | Reached skill level 5 in Spellcasting
  3822 | D:4      | Your scales start taking on a rich purple colour.
  3822 | D:4      | Reached skill level 6 in Spellcasting
  3822 | D:4      | Reached XP level 7. HP: 40/51 MP: 3/16
  4037 | D:4      | Noticed Sigmund
  4043 | D:4      | Killed Sigmund
  4043 | D:4      | Reached skill level 7 in Spellcasting
  4092 | D:4      | Reached skill level 1 in Fighting
  4428 | D:5      | Entered Level 5 of the Dungeon
  4557 | D:5      | Found a blossoming altar of Fedhas.
  4791 | D:5      | Found a shattered altar of Ashenzari.
  4803 | D:5      | Found an opulent altar of Gozag.
  5353 | D:6      | Reached skill level 8 in Spellcasting
  5353 | D:6      | Reached XP level 8. HP: 39/59 MP: 6/20
  5772 | D:5      | Reached skill level 9 in Spellcasting
  6584 | D:6      | Reached XP level 9. HP: 64/64 MP: 16/22
  6797 | D:6      | Reached skill level 10 in Spellcasting
  7214 | D:7      | Learned a level 4 spell: Fulminant Prism
  8084 | D:7      | Reached skill level 11 in Spellcasting
  9100 | D:8      | Found a flagged portal.
  9109 | Bailey   | Entered a bailey
  9269 | Bailey   | Found an iron altar of Okawaru.
  9269 | Bailey   | Noticed an orc high priest
  9269 | Bailey   | Noticed a kobold demonologist
  9272 | Bailey   | Noticed a hellwing
  9275 | Bailey   | Noticed a smoke demon
  9275 | Bailey   | Noticed a rust devil
  9276 | Bailey   | Noticed a sixfirhy
  9276 | Bailey   | Killed a kobold demonologist
  9284 | Bailey   | Noticed a red devil
  9286 | Bailey   | HP: 2/67 [burnt (2)]
  9302 | Bailey   | Gained mutation: Your magical capacity is low. (-10% MP) [potion of mutation]
  9302 | Bailey   | Gained mutation: Your mind is acute. (Int +2) [potion of mutation]
  9302 | Bailey   | Gained mutation: You have a pair of small antennae on your head. [potion of mutation]
  9325 | Bailey   | Noticed a soul eater
  9329 | Bailey   | Reached XP level 10. HP: 23/73 MP: 1/23
  9331 | Bailey   | Noticed an orange demon
  9334 | Bailey   | Killed an orc high priest
  9724 | Bailey   | Reached skill level 12 in Spellcasting
 10046 | Bailey   | Noticed an orc knight
 10067 | Bailey   | Killed an orc knight
 10479 | Bailey   | Noticed an orc knight
 10512 | Bailey   | Killed an orc knight
 10739 | Bailey   | Noticed an orc knight
 10752 | Bailey   | Killed an orc knight
 11276 | D:8      | Noticed a two-headed ogre
 11286 | D:8      | Killed a two-headed ogre
 11286 | D:8      | Reached skill level 13 in Spellcasting
 11417 | D:8      | Lost mutation: Your magical capacity is low. (-10% MP) [potion of mutation]
 11417 | D:8      | Lost mutation: You have a pair of small antennae on your head. [potion of mutation]
 11417 | D:8      | Lost mutation: Your mind is acute. (Int +2) [potion of mutation]
 11417 | D:8      | Gained mutation: You have a pair of small antennae on your head. [potion of mutation]
 11417 | D:8      | Gained mutation: Your flesh is cold resistant. (rC+) [potion of mutation]
 11417 | D:8      | Gained mutation: You are resistant to electric shocks. (rElec) [potion of mutation]
 11593 | D:8      | Found a glowing golden altar of the Shining One.
 11698 | D:8      | Reached skill level 10 in Conjurations
 11923 | D:8      | Found a stormy altar of Qazlal.
 12107 | D:8      | Found a bloodstained altar of Trog.
 12139 | D:8      | Noticed Pikel
 12143 | D:8      | Killed Pikel
 12143 | D:8      | Reached XP level 11. HP: 79/79 MP: 15/28
 12372 | D:8      | Found a deep blue altar of Sif Muna.
 12435 | D:8      | Became a worshipper of Sif Muna the Loreminder
 12712 | D:8      | Reached skill level 1 in Evocations
 12906 | D:9      | Found a sparkling altar of Nemelex Xobeh.
 12913 | D:9      | Found Jyuschaf's General Store.
 13244 | D:9      | Learned a level 5 spell: Blade Hands
 13641 | D:9      | Reached * piety under Sif Muna
 13667 | D:9      | Paralysed by an orc wizard for 2 turns
 13685 | D:9      | Noticed a harpy
 13704 | D:9      | Killed a harpy
 13704 | D:9      | Reached skill level 1 in Transmutations
 13705 | D:9      | Noticed a fire dragon
 13737 | D:9      | Slain by a fire dragon

Skill      XL: |  1  2  3  4  5  6  7  8  9 10 11 |
---------------+----------------------------------+-----
Dodging        | 2 3 |  3.9
Stealth        | 2 3 |  3.6
Unarmed Combat | 1 2 3 4 |  4.3
Conjurations   | 5 6 7 8 10 | 10.4
Spellcasting   | 3 4 6 8 9 11 13 | 13.8
Fighting       | 1 2 |  2.1
Evocations     | 1 |  1.0
Transmutations | 1 |  1.1

Action                   |  1- 3 |  4- 6 |  7- 9 | 10-12 || total
-------------------------+-------+-------+-------+-------++-------
Melee: Unarmed           |    76 |    52 |    46 |    63 ||   237
       Tailslap          |     6 |     7 |     4 |     2 ||    19
       Punch             |       |       |     1 |       ||     1
 Cast: Magic Dart        |    65 |   162 |   280 |   152 ||   659
       Iskenderun's Myst |       |     3 |    95 |    96 ||   194
 Abil: Breathe Dispellin |       |       |    20 |    10 ||    30
       Evoke Flight      |       |       |       |     1 ||     1
Evoke: Wand              |       |     3 |     3 |     3 ||     9
  Use: Potion            |       |     1 |    12 |     8 ||    21
       Scroll            |       |       |       |    15 ||    15
  Eat: Chunk             |     2 |     8 |    23 |     8 ||    41
       Bread ration      |       |       |     1 |     1 ||     2
       Royal jelly       |       |       |     1 |     1 ||     2
       Fruit             |       |       |       |     1 ||     1
Armor: Skin              |    29 |    34 |    57 |    75 ||   195
Dodge: Dodged            |    55 |    65 |    85 |    40 ||   245
       Deflected         |       |       |     3 |       ||     3
